Map: Prion Terraces

Players

Sahara

  • Race: Protoss Protoss
  • League: Platinum

LindyHop - Winner!

  • Race: Zerg Zerg
  • League: Platinum

VOD

Have the link to the VOD?

Description

Time

  • Played on: Jan. 20, 2016, 4:14 p.m.
  • Length: 17:05
Show
View Real Time Build Order
Export as new Build Order

Sahara Protoss 

Build Orders: 1 Gate Expand, Oracle Opening 

Get SALT Encoding   

  12  0:00  Probe (Chrono Boost)  
  13  0:11  Probe (Chrono Boost)  
  14  0:17  Pylon  
  14  0:21  Probe (Chrono Boost)  
  15  0:35  Probe (Chrono Boost)  
  16  0:37  Gateway  
  16  0:46  Probe (Chrono Boost)  
  17  0:54  Assimilator  
  17  0:56  Probe (Chrono Boost)  
  18  1:20  Nexus  
  18  1:29  Cybernetics Core  
  18  1:31  Probe (Chrono Boost)  
  19  1:42  Probe (Chrono Boost)  
  20  1:55  Pylon  
  20  1:57  Probe (Chrono Boost)  
  20  2:00  Assimilator  
  21  2:07  Probe (Chrono Boost)  
  22  2:15  Warp Gate  
  22  2:18  Probe (Chrono Boost)  
  22  2:19  Adept  
  25  2:28  Probe (Chrono Boost)  
  26  2:32  Probe (Chrono Boost)  
  27  2:39  Probe (Chrono Boost)  
  27  2:42  Probe (Chrono Boost)  
  29  2:52  Stargate  
  29  2:53  Probe x2 (Chrono Boost)  
  31  3:03  Probe x2 (Chrono Boost)  
  33  3:14  Probe x2 (Chrono Boost)  
  33  3:17  Pylon  
  35  3:25  Mothership Core (Chrono Boost), Probe (Chrono Boost)  
  38  3:36  Oracle  
  38  3:38  Probe (Chrono Boost)  
  42  3:43  Probe (Chrono Boost)  
  41  3:49  Gateway, Forge  
  41  3:53  Gateway  
  41  3:55  Gateway  
  41  4:01  Probe x2 (Chrono Boost)  
  43  4:06  Pylon  
  43  4:11  Probe x2 (Chrono Boost)  
  43  4:12  Void Ray  
  49  4:23  Probe (Chrono Boost)  
  49  4:24  Probe (Chrono Boost)  
  51  4:30  Assimilator  
  51  4:34  Assimilator  
  51  4:36  Gateway  
  51  4:42  Pylon  
  51  4:44  Pylon  
  51  4:45  Pylon  
  51  4:47  Pylon  
  51  4:49  Pylon  
  51  4:52  Adept  
  53  5:01  Adept  
  53  5:02  Adept  
  57  5:22  Void Ray  
  57  5:25  Adept  
  57  5:26  Adept x2  
  67  5:34  Probe x2 (Chrono Boost)  
  69  5:37  Adept  
  71  5:45  Probe x2 (Chrono Boost)  
  71  5:48  Pylon  
  73  5:51  Pylon  
  73  6:02  Stalker  
  73  6:03  Stalker x3  
  81  6:06  Void Ray  
  85  6:51  Probe x2 (Chrono Boost)  
  85  6:52  Void Ray  
  91  6:58  Stargate  
  91  6:59  Stargate  
  91  7:01  Pylon  
  91  7:06  Protoss Air Weapons Level 1 (Chrono Boost)  
  91  7:07  Cybernetics Core  
  91  7:15  Fleet Beacon  
  91  7:29  Nexus  
  91  7:32  Pylon  
  91  7:34  Pylon  
  91  7:36  Pylon  
  91  7:39  Forge  
  91  7:47  Probe x2 (Chrono Boost)  
  91  7:50  Nexus  
  93  7:51  Void Ray x2  
  93  7:53  Pylon  
  93  7:58  Probe (Chrono Boost)  
  101  8:09  Void Ray  
  101  8:12  Protoss Air Armor Level 1 (Chrono Boost)  
  105  8:22  Probe x2  
  107  8:34  Probe x2, Void Ray x2  
  117  8:53  Photon Cannon  
  117  8:54  Photon Cannon  
  117  8:55  Adept x4  
  125  8:58  Pylon  
  125  8:59  Pylon  
  125  9:01  Protoss Air Weapons Level 2 (Chrono Boost)  
  110  9:18  Probe  
  110  9:19  Probe x2  
  110  9:20  Probe  
  114  9:31  Probe x4  
  116  9:35  Void Ray x3  
  130  9:41  Probe  
  130  9:43  Probe x2  
  133  9:48  Assimilator  
  133  9:49  Assimilator  
  133  9:51  Assimilator  
  133  9:52  Assimilator  
  133  9:53  Photon Cannon  
  133  9:54  Probe, Photon Cannon  
  133  9:55  Probe  
  133  9:56  Probe x2  
  133  9:57  Photon Cannon  
  137  10:00  Pylon  
  137  10:13  Protoss Air Armor Level 2 (Chrono Boost)  
  137  10:18  Void Ray  
  137  10:21  Probe  
  141  10:23  Probe x2  
  144  10:33  Void Ray  
  148  10:38  Void Ray  
  150  10:55  Adept  
  150  10:56  Adept x3  
  143  11:06  Pylon  
  143  11:15  Void Ray  
  147  11:19  Probe  
  147  11:21  Probe x2  
  150  11:46  Void Ray x2  
  158  11:59  Gateway x2, Pylon  
  158  12:01  Gateway, Pylon  
  158  12:03  Gateway  
  158  12:05  Gateway  
  158  12:06  Pylon  
  158  12:07  Photon Cannon  
  158  12:09  Photon Cannon  
  158  12:16  Zealot  
  159  12:28  Carrier x2 (Chrono Boost)  
  159  12:29  Carrier (Chrono Boost)  
  177  12:35  Graviton Catapult  
  166  13:15  Adept  
  166  13:16  Adept  
  166  13:17  Adept x4  
  178  13:39  Twilight Council, Carrier x2 (Chrono Boost)  
  178  13:45  Carrier (Chrono Boost)  
  196  14:07  Nexus  
  196  14:10  Assimilator  
  196  14:13  Assimilator  
  196  14:15  Resonating Glaives (Chrono Boost), Pylon  
  196  14:18  Protoss Shields Level 1, Pylon  
  196  14:20  Protoss Air Armor Level 3, Protoss Air Weapons Level 3  
  196  14:35  Robotics Facility  
  195  15:43  Nexus  
  195  15:45  Pylon  
  195  15:47  Pylon  
  195  15:48  Assimilator  
  195  15:49  Assimilator  
  192  16:00  Nexus  
  123  16:13  Zealot x4  
  91  16:30  Mothership Core  
  87  16:36  Zealot x4  
Show
View Real Time Build Order
Export as new Build Order

LindyHop Zerg - Winner!

Build Orders: Hatch First 

Get SALT Encoding   

  12  0:01  Drone  
  13  0:12  Overlord  
  13  0:17  Drone  
  14  0:30  Drone x2  
  14  0:34  Drone  
  17  0:53  Hatchery  
  16  0:57  Drone  
  17  1:12  Spawning Pool  
  17  1:15  Drone  
  17  1:26  Drone x2  
  19  1:38  Extractor  
  18  1:50  Overlord  
  18  1:52  Drone x2  
  20  1:59  Queen  
  22  2:06  Queen  
  24  2:10  Drone  
  24  2:11  Drone  
  26  2:15  Zergling x2  
  26  2:20  Zergling x2  
  28  2:27  Baneling Nest  
  27  2:32  Overlord  
  27  2:47  Overlord  
  27  2:49  Zergling x6  
  30  2:53  Overlord  
  30  3:03  Metabolic Boost  
  30  3:13  Zergling x6  
  30  3:14  Zergling x2  
  34  3:22  Zergling x4  
  34  3:23  Zergling x4  
  38  3:37  Zergling x4  
  38  3:38  Zergling x4  
  38  3:40  Baneling x2  
  41  3:49  Zergling x4  
  43  3:57  Drone x2  
  43  4:01  Drone  
  46  4:07  Baneling x2  
  46  4:08  Baneling x3  
  46  4:10  Drone x2  
  46  4:13  Drone x2  
  46  4:16  Drone  
  50  4:37  Drone x6  
  53  4:46  Zergling x8  
  53  4:47  Zergling x4  
  58  4:53  Drone  
  58  4:55  Drone  
  59  5:05  Zergling x4  
  54  5:15  Lair  
  53  5:27  Extractor  
  52  5:35  Extractor  
  51  5:38  Hatchery  
  50  5:47  Queen  
  50  5:49  Spore Crawler, Drone  
  53  5:50  Drone x2  
  53  5:54  Extractor  
  53  5:56  Spore Crawler  
  52  6:05  Drone x2  
  52  6:06  Drone x6  
  60  6:20  Hydralisk Den  
  60  6:24  Spore Crawler  
  58  6:33  Drone  
  58  6:36  Drone  
  58  6:37  Overlord x4, Spore Crawler  
  59  6:43  Hatchery, Overseer  
  58  7:03  Hydralisk x6  
  58  7:04  Hydralisk x4  
  78  7:10  Evolution Chamber  
  78  7:12  Evolution Chamber  
  78  7:14  Muscular Augments  
  76  7:34  Drone x8  
  84  7:40  Zerg Missile Weapons Level 1  
  83  7:44  Zerg Ground Armor Level 1  
  83  8:01  Drone, Extractor  
  83  8:02  Drone x4  
  83  8:03  Hydralisk  
  83  8:04  Hydralisk x2  
  93  8:19  Zergling x2  
  97  8:20  Zergling x16  
  97  8:26  Extractor  
  96  8:42  Hydralisk x4  
  104  8:52  Overlord  
  104  8:53  Overlord x3  
  104  9:03  Hydralisk  
  104  9:09  Zergling x2  
  97  9:10  Zergling x4  
  97  9:11  Zergling x2  
  97  9:12  Zergling x8  
  97  9:14  Zergling x2  
  85  9:22  Hydralisk x2  
  87  9:33  Hydralisk x4  
  95  9:40  Hatchery  
  95  9:42  Hydralisk x2  
  98  9:46  Hydralisk x3  
  98  9:47  Zerg Missile Weapons Level 2  
  98  9:50  Hydralisk  
  106  9:59  Hydralisk x3  
  111  10:20  Hydralisk x4  
  111  10:21  Hydralisk x2  
  123  10:29  Zerg Ground Armor Level 2  
  119  10:44  Hydralisk  
  119  10:45  Hydralisk x3  
  118  10:51  Hydralisk  
  118  10:52  Hydralisk x3  
  118  10:54  Zergling x2  
  118  10:55  Zergling x2  
  102  10:57  Zergling x2  
  102  11:09  Drone  
  103  11:15  Drone  
  103  11:16  Drone x8  
  110  11:21  Hydralisk  
  110  11:22  Hydralisk x2  
  112  11:40  Hydralisk x5  
  122  11:48  Spire  
  122  11:50  Zergling x6  
  122  11:51  Zergling x2  
  125  11:56  Extractor  
  125  11:57  Zergling x6  
  125  11:58  Extractor, Zergling x2  
  127  12:09  Hydralisk  
  127  12:10  Hydralisk x2  
  127  12:12  Overlord x3  
  132  12:25  Zergling x2  
  133  12:35  Baneling  
  133  12:36  Baneling x12  
  126  13:12  Hydralisk x13  
  113  13:13  Hydralisk x3  
  138  13:20  Corruptor x4  
  146  13:34  Zergling x2  
  146  13:35  Zergling x6  
  146  13:38  Hatchery  
  149  13:44  Zerg Flyer Weapons Level 1  
  149  13:52  Overlord x2  
  149  13:53  Corruptor x2  
  153  13:56  Corruptor  
  155  14:05  Corruptor  
  155  14:07  Overlord x2  
  157  14:18  Zergling x14  
  157  14:19  Zergling x4  
  166  14:28  Corruptor x2  
  166  14:30  Overlord  
  170  14:31  Overseer  
  170  14:33  Overseer  
  170  14:34  Overseer  
  170  14:44  Corruptor x3  
  176  14:46  Extractor  
  176  14:48  Extractor  
  174  14:59  Baneling x9  
  174  15:02  Corruptor x3  
  178  15:18  Corruptor x3  
  178  15:20  Overseer x5  
  178  15:21  Overseer  
  181  15:32  Infestation Pit  
  180  16:10  Hydralisk  
  180  16:11  Hydralisk x12  
  141  16:18  Hydralisk  
  141  16:19  Hydralisk  
  141  16:20  Hydralisk  
  141  16:23  Zergling x12  
Tags
 
Add a new tag
Caveats
  • Supply blocks, unpowered buildings, or Contaminate may cause inaccurate times.
  • Supply counts are checked every 10 seconds.